 Dungeon Crawl Stone Soup version 0.30-b1-2-g02819fbbbe (webtiles) character file.

Game seed: 1629124088568880969

1845 Borgoz the Slasher (level 9, -6/68 HPs)
             Began as a Human Gladiator on June 25, 2023.
             Mangled by a cyclops (21 damage)
             ... on level 6 of the Dungeon.
             The game lasted 00:11:32 (5393 turns).

Borgoz the Slasher (Human Gladiator)                Turns: 5393, Time: 00:11:32

Health: -6/68      AC: 18    Str: 16    XL:     9   Next: 34%
Magic:  9/9        EV: 12    Int: 15    God:
Gold:   310        SH:  0    Dex: 14    Spells: 8/8 levels left

rFire   + . .        b - +5 short sword of Kirph {elec, +Blink rElec Str-3 SInv}
rCold   . . .        F - +0 buckler
rNeg    . . .        B - +5 ring mail of Ru's Displeasure {rElec rPois rC- Regen+ Int+6}
rPois   +            c - +2 helmet
rElec   +            E - +0 cloak
rCorr   .            (no gloves)
SInv    +            p - +2 pair of boots
Will    .....        (no amulet) Stlth
                     v - ring of protection from cold
HPRegen 1.11/turn    x - ring of protection from fire
MPRegen 0.11/turn

%: no passive effects
@: confused, mighty, ambrosia-drunk
A: no striking features
a: Evoke Blink


You were on level 6 of the Dungeon.
You visited 1 branch of the dungeon, and saw 6 of its levels.
You also visited: Sewer.

You collected 310 gold pieces.

Inventory:

Hand Weapons
 a - a +1 long sword
 b - the +5 short sword of Kirph (weapon) {elec, +Blink rElec Str-3 SInv}
   (You found it on level 4 of the Dungeon)

   Str:       It affects your strength (-3).
   rElec:     It insulates you from electricity.
   SInv:      It lets you see invisible.
   +Blink:    It lets you blink.
Missiles
 e - a javelin
 l - 36 poisoned darts
 C - a throwing net (quivered)
Armour
 c - a +2 helmet (worn)
 d - a +2 leather armour of cold resistance
 p - a +2 pair of boots (worn)
 B - the +5 ring mail of Ru's Displeasure (worn) {rElec rPois rC- Regen+ Int+6}
   (You took it off a kobold on level 3 of the Dungeon)

   Int:       It affects your intelligence (+6).
   rC:        It makes you vulnerable to cold.
   rElec:     It insulates you from electricity.
   rPois:     It protects you from poison.
   Regen:     It increases your rate of health regeneration.
 E - a +0 cloak (worn)
 F - a +0 buckler (worn)
Jewellery
 v - a ring of protection from cold (left hand)
 x - a ring of protection from fire (right hand)
 y - a +4 ring of protection
Wands
 s - a wand of flame (35)
Scrolls
 g - 2 scrolls of poison
 q - 2 scrolls of enchant armour
 u - 2 scrolls of teleportation
 D - a scroll of magic mapping {unknown}
Potions
 f - a potion of mutation {unknown}
 h - a potion of magic {unknown}
 i - 4 potions of curing {unknown}
 j - 2 potions of brilliance {unknown}
 k - 2 potions of cancellation {unknown}
 m - 2 potions of lignification
 n - 2 potions of heal wounds {unknown}
 o - a potion of invisibility {unknown}
 r - a potion of degeneration {unknown}
 t - 4 potions of haste
 w - 2 potions of flight {unknown}
 A - 3 potions of might


   Skills:
 * Level 5.5 Fighting
 * Level 7.7 Long Blades
 - Level 2.0 Throwing
 * Level 4.9 Armour
 * Level 5.9 Dodging
 + Level 0.9 Shields


You had 8 spell levels left.
You didn't know any spells.
Your spell library contained the following spells:

 Spells                   Type           Power      Damage    Failure   Level
 Ensorcelled Hibernation  Hex/Ice        0%         N/A       69%         2
 Spider Form              Tmut/Pois      0%         N/A       89%         3
 Tukima's Dance           Hex            0%         N/A       89%         3
 Anguish                  Hex/Necr       0%         N/A       100%        4
 Passage of Golubria      Tloc           0%         N/A       100%        4
 Yara's Violent Unravell  Hex/Tmut       0%         3d3       100%        5


Dungeon Overview and Level Annotations

Branches:
Dungeon (6/15)              Sewer (visited)
 Temple: D:4-7

Altars:
Kikubaaqudgha
Yredelemnul
Lugonu

Shops:
D:4 *

Portals:
Abyss: D:3

Annotations:
D:5 2 transporters, Tommers's ghost, novice DrIE
D:6 2 transporters, Menkaure


Message History

The acid dragon moves out of view.
Found 39 gold pieces.
An acid dragon and a cyclops come into view.
Found four items.
The cyclops shouts!
There are monsters nearby!
You barely miss the acid dragon. The acid dragon spits acid at you.
The splash of acid hits you!!
You feel very mighty all of a sudden.
The acid dragon bites you but does no damage.
The acid dragon claws you but does no damage.
Throw: javelin
Press: ? - help, Q - select action, (/) - cycle Shift-Dir - straight line, f - acid dragon
Aim: an acid dragon (catching its breath, 62% to hit)
Okay, then.
Throw: 2 throwing nets
Press: ? - help, Q - select action, (/) - cycle Shift-Dir - straight line, f - acid dragon
Aim: an acid dragon (catching its breath, 62% to hit)
You throw a throwing net. The throwing net hits the acid dragon.
The acid dragon is caught in the net!
The acid dragon struggles against the net.
You puncture the acid dragon!
The acid dragon is moderately wounded.
The acid dragon struggles against the net.
You puncture the acid dragon!
The acid dragon is severely wounded.
The acid dragon spits acid at you. The splash of acid hits you!
The acid dragon struggles against the net.
You puncture the acid dragon!
You kill the acid dragon!
The cyclops throws a large rock.
The large rock hits you!!
* * * LOW HITPOINT WARNING * * *
Found 19 gold pieces.
There is an open door, spattered with blood here.
You see here a throwing net.
You are confused.
You feel invigorated. The cyclops hits you!!
You die...

#...###..#######..##
###...#....# ###..#
...........#####....#
...................##
.......##....#####.#
.......#.....# #.####
.......#....># #....#
.......#....########..#
########....#$.C@..#..#
#....#![$#..#..#
####.#/.$#..#..#
#.#####..#..#
#.#......#..#
#.#...)..#..#
#.#..#####..#####.
#.#......#..#.....
#.#......#..#.....


You could see a cyclops.

Vanquished Creatures
  Grinder (D:4)
  Eustachio (D:4)
  An acid dragon (D:6)
  2 ogres
  2 phantoms
  A kobold brigand (Sewer)
  2 scorpions (D:6)
  An orc priest (D:3)
  2 hounds
  5 sleepcaps
  A gnoll bouda (D:4)
  2 iguanas
  5 orc wizards
  Robin (D:4)
  6 gnolls (D:4)
  12 adders
  8 river rats (Sewer)
  2 shadow imps (D:6)
  2 worms (D:2)
  4 dart slugs
  8 orcs
  6 bats
  9 endoplasms
  10 giant cockroaches
  19 goblins
  7 hobgoblins
  6 jackals
  34 kobolds
  4 quokkas
  13 ball pythons
  9 frilled lizards
  26 rats
212 creatures vanquished.

Vanquished Creatures (others)
  4 fungi (D:3)
  7 plants (D:3)
11 creatures vanquished.

Grand Total: 223 creatures vanquished

Notes
Turn   | Place    | Note
-------+----------+-------------------------------------------
     0 | D:1      | Borgoz the Human Gladiator began the quest for the Orb.
     0 | D:1      | Reached XP level 1. HP: 16/16 MP: 1/1
   258 | D:1      | Reached XP level 2. HP: 22/22 MP: 2/2
   398 | D:1      | Reached XP level 3. HP: 27/27 MP: 3/3
   778 | D:1      | Reached skill level 1 in Armour
  1060 | D:2      | Reached XP level 4. HP: 12/34 MP: 4/4
  1590 | D:2      | Reached skill level 4 in Long Blades
  1921 | D:2      | Reached XP level 5. HP: 32/40 MP: 5/5
  2017 | D:3      | Identified the +5 ring mail of Ru's Displeasure {rElec
                  | rPois rC- Regen+ Int+6}
  2285 | D:3      | Found a one-way gate to the infinite horrors of the Abyss.
  2313 | D:3      | Found a large runed translucent door.
  2313 | D:3      | Found a large runed translucent door.
  2318 | D:3      | Found a corrupted altar of Lugonu.
  2386 | D:3      | Found a faded altar of an unknown god.
  2555 | D:3      | Reached XP level 6. HP: 47/47 MP: 6/6
  3057 | D:4      | Noticed Robin
  3089 | D:4      | Reached skill level 5 in Long Blades
  3105 | D:4      | Killed Robin
  3128 | D:4      | Noticed an ogre
  3140 | D:4      | Killed an ogre
  3141 | D:4      | Reached XP level 7. HP: 39/53 MP: 7/7
  3187 | D:4      | Identified the +5 short sword of Kirph {elec, +Blink rElec
                  | Str-3 SInv}
  3226 | D:4      | Noticed Eustachio
  3269 | D:4      | Killed Eustachio
  3310 | D:4      | Noticed Grinder
  3332 | D:4      | Killed Grinder
  3333 | D:4      | Reached skill level 6 in Long Blades
  3333 | D:4      | Reached XP level 8. HP: 59/61 MP: 8/8
  3456 | D:4      | Found Suurich's General Store.
  3525 | D:4      | Found a glowing drain.
  3545 | Sewer    | Entered a sewer
  3614 | Sewer    | Reached skill level 5 in Dodging
  4232 | D:5      | Entered Level 5 of the Dungeon
  4385 | D:5      | Reached skill level 7 in Long Blades
  4406 | D:5      | Identified the +6 trident of Invincibility {freeze, Int+3}
  4425 | D:5      | Found a transporter.
  4425 | D:5      | Found a transporter.
  4425 | D:5      | Noticed Tommers's ghost (novice DrIE)
  4439 | D:5      | Noticed a hornet
  4956 | D:6      | Reached skill level 5 in Fighting
  4956 | D:6      | Reached XP level 9. HP: 68/68 MP: 9/9
  5181 | D:6      | Found a basalt altar of Yredelemnul.
  5181 | D:6      | Found a transporter.
  5181 | D:6      | Found an ancient bone altar of Kikubaaqudgha.
  5182 | D:6      | Noticed Menkaure
  5204 | D:6      | Found a transporter.
  5385 | D:6      | Noticed a cyclops
  5393 | D:6      | Mangled by a cyclops

Illustrated notes

Levels and vault maps discovered:
D:1:      co_arrival_random_square_maze, layout_basic, minmay_statues_item,
          minmay_heptomino_o4
D:2:      layout_loops_ring, serial_rivers, chequers_serial_rivers_small_b,
          chequers_serial_rivers_micro_a, chequers_serial_rivers_marsh,
          chequers_serial_rivers_micro_e, solitary_fountain
D:3:      due_chaos_kobolds, layout_rooms,
          shapermc_ecumenical_altar_mp_urbaneastern,
          minmay_fractal_squares_diagonal_5
D:4:      layout_rooms, gup_sewer_entry_pipe, serial_shops,
          nicolae_shop_waterfront, nicolae_titane, uniq_eustachio, uniq_grinder,
          uniq_robin
D:5:      layout_loops_cross, gammafunk_ghost_hive
D:6:      kennysheep_windowed_halls, layout_basic, gammafunk_temple_of_torment

Skill      XL: |  1  2  3  4  5  6  7  8 |
---------------+-------------------------+-----
Armour         | 1 2 3 4 |  4.9
Long Blades    | 4 5 6 7 |  7.7
Fighting       | 3 4 5 |  5.5
Dodging        | 4 5 |  5.9
Throwing       | |  2.0
Shields        | |  0.9

Action                     |  1- 3 |  4- 6 |  7- 9 || total
---------------------------+-------+-------+-------++-------
  Melee: Long sword        |    80 |   288 |     6 ||   374
         Punch             |       |     4 |     1 ||     5
         Short sword       |       |       |   329 ||   329
  Throw: Throwing net      |       |     4 |     3 ||     7
  Evoke: Wand              |       |     1 |     5 ||     6
    Use: Scroll            |       |     5 |     8 ||    13
         Potion            |       |       |     2 ||     2
   Stab: Paralysed         |       |       |     3 ||     3
 Armour: Leather armour    |    39 |    20 |       ||    59
         Ring mail         |       |   156 |   182 ||   338
  Dodge: Dodged            |    63 |   213 |   223 ||   499
  Block: Buckler           |       |       |     3 ||     3
